 Dungeon Crawl Stone Soup version 0.13.1-27-ga479965 (console) character file.

87 Jezuz the Charmwright (level 2, -20/12 HPs)
             Began as a Felid Skald on Jan 30, 2014.
             Demolished by an ogre
             ... wielding a +0,+0 great mace
              (30 damage)
             ... on Level 4 of the Dungeon.
             The game lasted 00:04:20 (784 turns).

Jezuz the Charmwright (Felid Skald)                  Turns: 784, Time: 00:04:21

HP -20/12        AC  1     Str  8      XL: 2   Next: 96%
MP   2/6         EV 17     Int 13      God:
Gold 59          SH  0     Dex 15      Spells:  2 memorised,  2 levels left
Lives: 0, deaths: 0

Res.Fire  : . . .   See Invis. : +     - Unarmed
Res.Cold  : . . .   Warding    : .   (armour unavailable)
Life Prot.: . . .   Conserve   : .   (shield unavailable)
Res.Poison: .       Res.Corr.  : .   (helmet unavailable)
Res.Elec. : .       Clarity    : .   (cloak unavailable)
Sust.Abil.: . .     Spirit.Shd : .   (gloves unavailable)
Res.Mut.  : .       Stasis     : .   (boots unavailable)
Res.Rott. : .       Flight     : .   (no amulet)
Saprovore : . . .                    (no ring)
                                     (no ring)

@: quick, slightly resistant to hostile enchantments, fairly stealthy
A: paw claws, no armour, no advanced items, fangs 3, see invisible, carnivore 3,
speed 1, slow metabolism 1, AC +1
a: no special abilities


You were on level 4 of the Dungeon.
You were completely stuffed.

You visited 1 branch of the dungeon, and saw 4 of its levels.

You collected 39 gold pieces.

Inventory:

Comestibles
 d - 3 meat rations
Scrolls
 a - 2 scrolls of remove curse {unknown}
 b - a scroll of enchant weapon I {unknown}
 e - a scroll of recharging {unknown}
 f - a scroll of curse armour {unknown}
 g - a scroll of curse weapon {unknown}
Potions
 h - a potion of resistance {unknown}
 i - 2 potions of curing {unknown}
 j - a potion of berserk rage {unknown}
Books
 c - a book of Battle

   Spells                             Type                      Level
   *Infusion                          Charms                       1
   *Shroud of Golubria                Charms/Translocation         2
   Song of Slaying                    Charms                       2
   Spectral Weapon                    Hexes/Charms                 3
   Regeneration                       Charms/Necromancy            3
   Song of Shielding                  Charms                       4


   Skills:
 - Level 2.0 Fighting
 - Level 2.1 Dodging
 + Level 3.5 Unarmed Combat
 - Level 2.0 Spellcasting
 - Level 3.6 Charms


You had 2 spell levels left.
You knew the following spells:

 Your Spells              Type           Power        Failure   Level  Hunger
a - Infusion              Chrm           ##....       8%          1    ##.....
b - Shroud of Golubria    Chrm/Tloc      #.........   21%         2    ###....


Dungeon Overview and Level Annotations

Branches:
Dungeon (4/27)
 Temple: D:4-7

Altars:


Innate Abilities, Weirdness & Mutations

You cannot wear armour.
You are incapable of any advanced item manipulation.
Your paws have sharp claws.
You have razor-sharp teeth.
You have supernaturally acute eyesight.
You are carnivorous and can eat meat at any time.
You cover ground quickly.
You are covered in fur (AC +1).
You have a slow metabolism.


Message History

Space distorts slightly along a thin shroud covering your body.
Casting: Shroud of Golubria
Confirm with . or Enter, or press ? or * to list all spells.
Your attacks are magically infused.
The kobold throws a dart.
The dart hits you!
The kobold throws a dart.
The dart hits you!
You see here a dart.
You see here a dart.
You scratch the ogre.
The ogre begins to bleed from its wounds!
Your bite misses the ogre.
The ogre is lightly wounded.
Your shroud begins to fray at the edges.
The ogre misses you.
There is an open door here.
You scratch the ogre!
The ogre is heavily wounded.
The ogre hits you with a great mace!
Ouch! That really hurt!
You die...

######'#### . #......#
#. ##'######## #.
#.........# ####.####
#.........#
.........####.....(...#
........(K(##.........#
.........#(.#.........#
.....O..##O@.........#
........####.........#
######### #.........#
##########


You could see an ogre (bleeding) and a kobold.

Vanquished Creatures
  A giant gecko (D:3)
  A bat skeleton (D:4)
  4 hobgoblins
  6 jackals (D:1)
  2 kobolds
  2 ball pythons
  3 bats
  A giant cockroach (D:3)
  2 goblins (D:1)
  2 rats
24 creatures vanquished.

Notes
Turn   | Place    | Note
--------------------------------------------------------------
     0 | D:1      | Jezuz, the Felid Skald, began the quest for the Orb.
     0 | D:1      | Reached XP level 1. HP: 9/9 MP: 4/4
   203 | D:1      | Reached XP level 2. HP: 6/12 MP: 1/6
   217 | D:1      | Learned a level 2 spell: Shroud of Golubria
   771 | D:4      | Noticed an ogre
   784 | D:4      | Demolished by an ogre

Action                   || total
-------------------------++-------
Melee: Unarmed           ||    70
 Cast: Infusion          ||     6
       Shroud of Golubri ||     1
 Stab: Sleeping          ||     2
